Icehogs vs Thunderbirds
Created - January 26, 2024 at 23:33
Goals
|
| Icehogs |
1 |
4 |
1 |
6 |
| Thunderbirds |
2 |
0 |
2 |
4 |
|
Shots
|
| Icehogs |
10 |
11 |
17 |
38 |
| Thunderbirds |
11 |
15 |
11 |
37 |
|
1st period
1. Icehogs , Mikhail Grigorenko 24 (Hudson Fasching 25, Dillon Dube 16) at 8:49
2. Thunderbirds , Tyson Jost 10 (Anthony Beauvillier 24) at 14:47 (SH)
3. Thunderbirds , Drake Batherson 37 (Dominik Kahun 40) at 18:14
Penalties :
Patrick Sieloff (Roc) for Hooking (Minor) at 5:02, Kirill Marchenko (Spr) for Interference (Minor) at 14:24, Jeremy Davies (Roc) for Hooking (Minor) at 19:03
2nd period
4. Icehogs , J.T. Brown 16 (Mike Reilly 21, Mackenzie Blackwood) at 2:50
5. Icehogs , Hudson Fasching 33 (Mikhail Grigorenko 31, Dillon Dube 17) at 4:34
6. Icehogs , Kurtis Gabriel 9 (Nick Paul 14, Andrew Poturalski 19) at 16:55
7. Icehogs , Hudson Fasching 34 (Julius Honka 13, Dillon Dube 18) at 19:26
Penalties :
No Penalty
3rd period
8. Thunderbirds , Drake Batherson 38 (Kale Clague 23) at 7:06
9. Thunderbirds , Dylan Gambrell 7 (Andrei Svechnikov 16) at 7:10
10. Icehogs , Kurtis Gabriel 10 (Julius Honka 14, Nick Paul 15) at 10:27
Penalties :
Mike Reilly (Roc) for Hooking (Minor) at 13:10, John Draeger (Spr) for Close Hand On Puck (Minor) at 18:52
Goalie Stats
Mackenzie Blackwood (Roc), 33 saves from 37 shots - (0.892), W, 19-15-1, 60:00 minutes
Joseph Woll (Spr), 32 saves from 38 shots - (0.842), L, 4-6-0, 60:00 minutes
Players Stats for Icehogs
Player Name G A P +/- PIM S H SB GA TA FO MP PP MP PK MP
------------------------------------------------------------------------------------
Adam Boqvist 0 0 0 -1 0 0 1 0 0 0 0/0 13:08 0:47 0:00
Andrew Poturalski 0 1 1 3 0 3 3 1 1 0 4/15 14:08 1:18 1:36
Calle Andersson 0 0 0 0 0 0 0 0 0 0 0/0 5:28 0:00 2:09
Clark Bishop 0 0 0 0 0 0 0 0 0 0 1/1 6:00 0:00 0:00
Dillon Dube 0 3 3 1 0 1 2 0 0 1 17/38 24:51 1:48 3:41
Duncan Siemens 0 0 0 2 0 1 1 0 0 1 0/0 18:24 0:47 2:07
Hudson Fasching 2 1 3 1 0 4 0 0 1 1 0/3 21:02 1:48 0:00
J.T. Brown 1 0 1 -2 0 6 3 0 0 0 1/2 15:41 1:18 0:00
Jeremy Davies 0 0 0 -1 2 0 0 1 0 0 0/0 12:55 0:00 0:33
Julius Honka 0 2 2 2 0 1 1 3 0 0 0/0 17:25 0:00 1:59
Kurtis Gabriel 2 0 2 3 0 3 0 0 0 0 1/1 11:10 0:00 0:00
Michael Rasmussen 0 0 0 -2 0 2 2 1 0 0 4/14 14:58 0:00 0:37
Mike Reilly 0 1 1 1 2 3 1 3 2 0 0/0 28:07 2:19 2:39
Mikhail Grigorenko 1 1 2 1 0 7 0 2 2 1 0/0 24:48 1:48 3:42
Myles Bell 0 0 0 -2 0 2 0 0 0 0 1/1 17:57 1:18 2:10
Nick Paul 0 2 2 3 0 1 1 0 1 0 0/0 11:18 0:00 0:08
Nikita Scherbak 0 0 0 0 0 0 0 0 1 0 0/1 6:00 0:00 0:00
Patrick Sieloff 0 0 0 1 2 4 0 2 0 0 0/0 24:40 2:19 2:27
Ross Johnston 0 0 0 0 0 0 1 0 0 0 0/0 6:00 0:00 0:00
Players Stats for Thunderbirds
Player Name G A P +/- PIM S H SB GA TA FO MP PP MP PK MP
------------------------------------------------------------------------------------
Andrei Svechnikov 0 1 1 1 0 4 4 1 0 0 1/1 17:15 3:23 0:00
Anthony Beauvillier 0 1 1 0 0 4 2 1 1 1 0/1 24:30 2:34 2:23
Dominik Kahun 0 1 1 -1 0 2 1 0 0 0 18/32 23:42 3:23 0:42
Drake Batherson 2 0 2 -1 0 8 3 0 3 1 3/3 22:57 3:23 0:00
Dylan Gambrell 1 0 1 1 0 2 2 1 0 0 16/23 16:25 2:34 0:00
Jake Walman 0 0 0 1 0 0 0 3 0 1 0/0 14:22 0:00 2:12
Jared McIsaac 0 0 0 0 0 0 1 0 0 0 0/0 14:02 1:57 0:00
John Draeger 0 0 0 0 2 0 1 1 0 0 0/0 17:02 0:00 0:38
Kale Clague 0 1 1 0 0 2 0 1 0 2 0/0 21:35 4:00 0:54
Kirill Marchenko 0 0 0 -2 2 0 0 0 0 0 0/1 7:21 0:00 0:00
Matt Puempel 0 0 0 -1 0 2 3 0 0 0 0/0 10:10 0:00 0:00
Morgan Frost 0 0 0 -2 0 3 0 0 0 0 2/4 7:19 0:00 0:00
Patrick Brown 0 0 0 1 0 2 2 1 0 1 0/0 16:25 2:34 0:00
Radim Simek 0 0 0 -2 0 2 1 0 0 1 0/0 26:37 1:57 2:12
Roberts Lipsbergs 0 0 0 -2 0 0 0 0 0 0 0/0 7:20 0:00 0:01
Tanner Laczynski 0 0 0 -1 0 4 2 0 0 0 0/0 10:55 0:00 0:42
Timothy Liljegren 0 0 0 -3 0 1 2 0 0 1 0/0 26:21 4:00 0:16
Tyson Jost 1 0 1 0 0 1 0 0 0 0 7/11 12:34 0:00 2:24
3 Stars
1 - Kurtis Gabriel (Roc)
2 - Hudson Fasching (Roc)
3 - Dillon Dube (Roc)
Power Play
Icehogs - 0 on 2 Attempt(s) - 0.00%
Thunderbirds - 0 on 3 Attempt(s) - 0.00%
Penalty Kill
Icehogs - 3 on 3 Attempt(s) - 100.00%
- Score 0 goal in Penalty Kill
Thunderbirds - 2 on 2 Attempt(s) - 100.00%
- Score 1 goal in Penalty Kill
Team Stat
Icehogs - Hits : 16 - Faceoff Wins : 29 - Blocked Shots : 13 - Penalty Minutes : 6
Thunderbirds - Hits : 24 - Faceoff Wins : 47 - Blocked Shots : 9 - Penalty Minutes : 4
Official
Referees : Chris Schlenker and Jacob Brenk
Linesman : Derek Nansen and Bevan Mills
Game Notes
No Game Note
Finance
Level 1 -- Attendance: 1839 (91.95%) -- Ticket Income $128,730
Level 2 -- Attendance: 984 (98.40%) -- Ticket Income $39,360
Total Attendance: 2823 (94.10%)
Total Ticket Income: $168,090
Other Income: $8,404
Total Income: $176,494
Icehogs
5 vs 5 Forward
Center Left Wing Right Wing Time % Phy DF OF
1 Dillon Dube Mikhail Grigorenko Hudson Fasching 40 1 2 2
2 Michael Rasmussen Myles Bell J.T. Brown 30 1 2 2
3 Andrew Poturalski Nick Paul Kurtis Gabriel 20 1 2 2
4 Clark Bishop Ross Johnston Nikita Scherbak 10 1 2 2
5 vs 5 Defense
Defense Defense Time % Phy DF OF
1 Mike Reilly Patrick Sieloff 40 1 2 2
2 Julius Honka Duncan Siemens 30 1 2 2
3 Adam Boqvist Jeremy Davies 20 1 2 2
4 Calle Andersson Mike Reilly 10 1 2 2
PowerPlay Forward
Center Left Wing Right Wing Time % Phy DF OF
1 Dillon Dube Mikhail Grigorenko Hudson Fasching 60 1 2 2
2 Andrew Poturalski Myles Bell J.T. Brown 40 1 2 2
PowerPlay Defense
Defense Defense Time % Phy DF OF
1 Mike Reilly Patrick Sieloff 60 1 2 2
2 Adam Boqvist Duncan Siemens 40 1 2 2
Penalty Kill 4 Players Forward
Center Wing Time % Phy DF OF
1 Dillon Dube Mikhail Grigorenko 60 1 2 2
2 Andrew Poturalski Myles Bell 40 1 2 2
Penalty Kill 4 Players Defense
Defense Defense Time % Phy DF OF
1 Mike Reilly Patrick Sieloff 60 1 2 2
2 Julius Honka Duncan Siemens 40 1 2 2
Penalty Kill - 3 Players Forward
Forward Time % Phy DF OF
1 Dillon Dube 60 1 2 2
2 Andrew Poturalski 40 1 2 2
Penalty Kill - 3 Players Defense
Defense Defense Time % Phy DF OF
1 Mike Reilly Patrick Sieloff 60 1 2 2
2 Julius Honka Duncan Siemens 40 1 2 2
4 vs 4 Forward
Center Wing Time % Phy DF OF
1 Dillon Dube Mikhail Grigorenko 60 1 2 2
2 Andrew Poturalski Myles Bell 40 1 2 2
4 vs 4 Defense
Defense Defense Time % Phy DF OF
1 Mike Reilly Patrick Sieloff 60 1 2 2
2 Julius Honka Duncan Siemens 40 1 2 2
Last Minutes Offensive
Center Left Wing Right Wing Defense Defense
Dillon Dube Mikhail Grigorenko Hudson Fasching Mike Reilly Patrick Sieloff
Last Minutes Defensive
Center Left Wing Right Wing Defense Defense
Dillon Dube Mikhail Grigorenko Hudson Fasching Mike Reilly Patrick Sieloff
Goaltenders
Starting : Mackenzie Blackwood
Backup : Oscar Dansk
Extra Forwards
Normal : Myles Bell, Nick Paul, Dillon Dube - PP : Myles Bell, Nick Paul - PK : Myles Bell
Extra Defensemen
Normal : Calle Andersson, Jeremy Davies, Adam Boqvist - PP : Calle Andersson - PK : Calle Andersson, Jeremy Davies
Penalty Shots
Hudson Fasching, J.T. Brown, Mikhail Grigorenko, Kurtis Gabriel, Myles Bell
Custom OT Lines Forwards
Hudson Fasching, J.T. Brown, Mikhail Grigorenko, Kurtis Gabriel, Myles Bell, Nick Paul, Dillon Dube, Nikita Scherbak, Andrew Poturalski, Michael Rasmussen
Custom OT Lines Defensemen
Mike Reilly, Patrick Sieloff, Julius Honka, Duncan Siemens, Calle Andersson
Scratches
Kristian Reichel (Healthy), JJ. Piccinich (Healthy), Maxim Letunov (Healthy), Patrick Russell (Healthy), Declan Chisholm (Healthy)
Thomas DiPauli (Healthy), Zach Whitecloud (Healthy), Jackson Cates (Healthy), Mitchell Chaffee (Healthy), Gabriel Fortier (Healthy)
Petr Kvaca (Healthy)
Thunderbirds
5 vs 5 Forward
Center Left Wing Right Wing Time % Phy DF OF
1 Dominik Kahun Anthony Beauvillier Drake Batherson 40 0 2 3
2 Dylan Gambrell Andrei Svechnikov Patrick Brown 30 0 2 3
3 Tyson Jost Matt Puempel Tanner Laczynski 20 0 2 3
4 Morgan Frost Roberts Lipsbergs Kirill Marchenko 10 0 2 3
5 vs 5 Defense
Defense Defense Time % Phy DF OF
1 Radim Simek Timothy Liljegren 40 0 2 3
2 John Draeger Kale Clague 30 0 2 3
3 Jake Walman Jared McIsaac 20 0 2 3
4 Radim Simek Timothy Liljegren 10 0 2 3
PowerPlay Forward
Center Left Wing Right Wing Time % Phy DF OF
1 Dominik Kahun Andrei Svechnikov Drake Batherson 60 0 1 4
2 Dylan Gambrell Anthony Beauvillier Patrick Brown 40 0 1 4
PowerPlay Defense
Defense Defense Time % Phy DF OF
1 Kale Clague Timothy Liljegren 60 0 2 3
2 Radim Simek Jared McIsaac 40 0 2 3
Penalty Kill 4 Players Forward
Center Wing Time % Phy DF OF
1 Tyson Jost Anthony Beauvillier 60 1 3 1
2 Dominik Kahun Tanner Laczynski 40 1 3 1
Penalty Kill 4 Players Defense
Defense Defense Time % Phy DF OF
1 Radim Simek Jake Walman 60 1 3 1
2 John Draeger Kale Clague 40 1 3 1
Penalty Kill - 3 Players Forward
Forward Time % Phy DF OF
1 Tyson Jost 60 1 3 1
2 Anthony Beauvillier 40 1 3 1
Penalty Kill - 3 Players Defense
Defense Defense Time % Phy DF OF
1 Radim Simek Jake Walman 60 1 4 0
2 John Draeger Kale Clague 40 1 4 0
4 vs 4 Forward
Center Wing Time % Phy DF OF
1 Dominik Kahun Drake Batherson 60 0 2 3
2 Dylan Gambrell Andrei Svechnikov 40 0 2 3
4 vs 4 Defense
Defense Defense Time % Phy DF OF
1 Radim Simek Timothy Liljegren 60 0 2 3
2 John Draeger Kale Clague 40 0 2 3
Last Minutes Offensive
Center Left Wing Right Wing Defense Defense
Dominik Kahun Andrei Svechnikov Drake Batherson Kale Clague Timothy Liljegren
Last Minutes Defensive
Center Left Wing Right Wing Defense Defense
Tyson Jost Roberts Lipsbergs Anthony Beauvillier Radim Simek John Draeger
Goaltenders
Starting : Joseph Woll
Backup : Brandon Halverson
Extra Forwards
Normal : Anthony Beauvillier, Andrei Svechnikov, Drake Batherson - PP : Anthony Beauvillier, Drake Batherson - PK : Roberts Lipsbergs
Extra Defensemen
Normal : Kale Clague, Timothy Liljegren, Radim Simek - PP : Jake Walman - PK : John Draeger, Radim Simek
Penalty Shots
Andrei Svechnikov, Anthony Beauvillier, Tanner Laczynski, Patrick Brown, Drake Batherson
Custom OT Lines Forwards
Anthony Beauvillier, Drake Batherson, Tanner Laczynski, Andrei Svechnikov, Dominik Kahun, Dylan Gambrell, Tyson Jost, Morgan Frost, Patrick Brown, Matt Puempel
Custom OT Lines Defensemen
Radim Simek, John Draeger, Kale Clague, Jake Walman, Timothy Liljegren
Scratches
Austin Poganski (Healthy), Mitchell Heard (Healthy), Nicklas Jensen (Healthy), Viktor Baldayev (Healthy), Artur Kayumov (Healthy)
Ivan Prosvetov (Healthy), Jakub Skarek (Healthy)
% Time on Ice - Icehogs
Lines # - Real PCT - Wanted PCT - Time Play
Normal Forward
1 - 38% - 40% - 19:22
2 - 28% - 30% - 14:25
3 - 22% - 20% - 11:10
4 - 12% - 10% - 6:00
Normal Defense
1 - 39% - 40% - 19:55
2 - 30% - 30% - 15:26
3 - 24% - 20% - 12:21
4 - 6% - 10% - 3:15
PP Forward
1 - 58% - 60% - 1:48
2 - 42% - 40% - 1:18
PP Defense
1 - 75% - 60% - 2:19
2 - 25% - 40% - 0:47
PK Forward
1 - 73% - 60% - 4:21
2 - 27% - 40% - 1:36
PK Defense
1 - 67% - 60% - 3:58
2 - 33% - 40% - 1:59
PK3 Forward
1 - 0% - 60%
2 - 0% - 40%
PK3 Defense
1 - 0% - 60%
2 - 0% - 40%
44 Forward
1 - 0% - 60%
2 - 0% - 40%
44 Defense
1 - 0% - 60%
2 - 0% - 40%
Last Minute Offensive - 0:00
Last Minute Defensive - 0:00
Total
Forward - 60:00
Defense - 60:00
|
% Time on Ice - Thunderbirds
Lines # - Real PCT - Wanted PCT - Time Play
Normal Forward
1 - 38% - 40% - 19:34
2 - 27% - 30% - 13:54
3 - 20% - 20% - 10:10
4 - 14% - 10% - 7:19
Normal Defense
1 - 39% - 40% - 20:07
2 - 33% - 30% - 16:42
3 - 23% - 20% - 11:48
4 - 5% - 10% - 2:20
PP Forward
1 - 57% - 60% - 3:23
2 - 43% - 40% - 2:34
PP Defense
1 - 67% - 60% - 4:00
2 - 33% - 40% - 1:57
PK Forward
1 - 77% - 60% - 2:24
2 - 23% - 40% - 0:42
PK Defense
1 - 71% - 60% - 2:12
2 - 29% - 40% - 0:54
PK3 Forward
1 - 0% - 60%
2 - 0% - 40%
PK3 Defense
1 - 0% - 60%
2 - 0% - 40%
44 Forward
1 - 0% - 60%
2 - 0% - 40%
44 Defense
1 - 0% - 60%
2 - 0% - 40%
Last Minute Offensive - 0:00
Last Minute Defensive - 0:00
Total
Forward - 60:00
Defense - 60:00
|
Play-by-Play
1st period
0:01 of 1st period - Dillon Dube wins face-off versus Dominik Kahun in neutral zone.
1:35 of 1st period - Wrist shot by Dominik Kahun.
1:35 of 1st period - Shot Misses the Net.
1:57 of 1st period - Jake Walman is hit by Michael Rasmussen and loses puck.
2:22 of 1st period - Slapshot by Kurtis Gabriel.
2:22 of 1st period - Shot Misses the Net.
2:24 of 1st period - Slapshot by Julius Honka.
2:24 of 1st period - Deflect By Andrew Poturalski.
2:24 of 1st period - Shot Hit the Post.
2:24 of 1st period - Puck is out of play.
2:25 of 1st period - Dillon Dube wins face-off versus Dominik Kahun in Thunderbirds zone.
4:01 of 1st period - Off-side.
4:02 of 1st period - Dillon Dube wins face-off versus Dominik Kahun in neutral zone.
4:19 of 1st period - Anthony Beauvillier is hit by Dillon Dube and loses puck.
4:39 of 1st period - Wrist shot by Mikhail Grigorenko.
4:39 of 1st period - Stopped by Joseph Woll without a rebound.
4:40 of 1st period - Myles Bell wins face-off versus Dylan Gambrell in Thunderbirds zone.
5:02 of 1st period - Minor Penalty to Patrick Sieloff for Hooking.
5:03 of 1st period - Drake Batherson wins face-off versus Dillon Dube in Icehogs zone.
5:49 of 1st period - Calle Andersson is hit by Andrei Svechnikov and loses puck.
6:11 of 1st period - Off-side.
6:12 of 1st period - Dylan Gambrell wins face-off versus Andrew Poturalski in neutral zone.
6:15 of 1st period - Snap shot by Patrick Brown.
6:15 of 1st period - Shot Misses the Net.
6:22 of 1st period - Off-side.
6:23 of 1st period - Dillon Dube wins face-off versus Dominik Kahun in neutral zone.
7:02 of 1st period - Penalty to Patrick Sieloff is over, Patrick Sieloff is back on ice.
7:15 of 1st period - Snap shot by Nikita Scherbak.
7:15 of 1st period - Deflect By Tyson Jost.
7:15 of 1st period - Shot Misses the Net.
7:15 of 1st period - Puck is out of play.
7:16 of 1st period - Clark Bishop wins face-off versus Dominik Kahun in Thunderbirds zone.
7:27 of 1st period - Snap shot by Patrick Sieloff.
7:27 of 1st period - Stopped by Joseph Woll without a rebound.
7:28 of 1st period - Drake Batherson wins face-off versus Hudson Fasching in Thunderbirds zone.
7:28 of 1st period - Drake Batherson is hit by Dillon Dube.
7:40 of 1st period - Dillon Dube is hit by Anthony Beauvillier and loses puck.
7:59 of 1st period - Icing by Patrick Brown.
8:00 of 1st period - J.T. Brown wins face-off versus Dylan Gambrell in Thunderbirds zone.
8:01 of 1st period - Wrist shot by Myles Bell.
8:01 of 1st period - Shot Misses the Net.
8:03 of 1st period - Slapshot by Julius Honka.
8:03 of 1st period - Shot Blocked by Jake Walman.
8:05 of 1st period - Backhand shot by Michael Rasmussen.
8:05 of 1st period - Shot Blocked by Patrick Brown.
8:07 of 1st period - Wrist shot by J.T. Brown.
8:07 of 1st period - Shot Blocked by Jake Walman.
8:09 of 1st period - Slapshot by Duncan Siemens.
8:09 of 1st period - Shot Misses the Net.
8:11 of 1st period - Slapshot by Julius Honka.
8:11 of 1st period - Stopped by Joseph Woll with a rebound.
8:13 of 1st period - Slapshot by Duncan Siemens.
8:13 of 1st period - Shot Blocked by Dylan Gambrell.
8:25 of 1st period - Snap shot by Dylan Gambrell.
8:25 of 1st period - Shot Blocked by Julius Honka.
8:27 of 1st period - Wrist shot by Anthony Beauvillier.
8:27 of 1st period - Stopped by Mackenzie Blackwood without a rebound.
8:28 of 1st period - Dillon Dube wins face-off versus Dominik Kahun in Icehogs zone.
8:33 of 1st period - Slapshot by Mikhail Grigorenko.
8:33 of 1st period - Shot Misses the Net.
8:37 of 1st period - Wrist shot by Hudson Fasching.
8:37 of 1st period - Shot Misses the Net.
8:39 of 1st period - Slapshot by Patrick Sieloff.
8:39 of 1st period - Stopped by Joseph Woll with a rebound.
8:49 of 1st period - Wrist shot by Mikhail Grigorenko.
8:49 of 1st period - Goal by Mikhail Grigorenko - Icehogs : 1 - Thunderbirds : 0.
8:50 of 1st period - Dylan Gambrell wins face-off versus Andrew Poturalski in neutral zone.
9:36 of 1st period - Radim Simek is hit by Duncan Siemens and loses puck.
9:43 of 1st period - Slapshot by Mikhail Grigorenko.
9:43 of 1st period - Stopped by Joseph Woll with a rebound.
10:06 of 1st period - Wrist shot by Timothy Liljegren.
10:06 of 1st period - Stopped by Mackenzie Blackwood with a rebound.
10:29 of 1st period - Snap shot by Patrick Brown.
10:29 of 1st period - Shot Misses the Net.
10:31 of 1st period - Slapshot by Radim Simek.
10:31 of 1st period - Shot Misses the Net.
10:50 of 1st period - Snap shot by Drake Batherson.
10:50 of 1st period - Stopped by Mackenzie Blackwood with a rebound.
11:04 of 1st period - Snap shot by Matt Puempel.
11:04 of 1st period - Stopped by Mackenzie Blackwood without a rebound.
11:05 of 1st period - Tyson Jost wins face-off versus Dillon Dube in Icehogs zone.
11:10 of 1st period - Slapshot by Tanner Laczynski.
11:10 of 1st period - Stopped by Mackenzie Blackwood without a rebound.
11:11 of 1st period - Dillon Dube wins face-off versus Dominik Kahun in Icehogs zone.
11:23 of 1st period - Icing by Dominik Kahun.
11:24 of 1st period - Dillon Dube wins face-off versus Dominik Kahun in Thunderbirds zone.
11:45 of 1st period - Snap shot by Dominik Kahun.
11:45 of 1st period - Shot Misses the Net.
12:09 of 1st period - Wrist shot by Drake Batherson.
12:09 of 1st period - Shot Misses the Net.
12:37 of 1st period - Snap shot by Dominik Kahun.
12:37 of 1st period - Shot Misses the Net.
12:46 of 1st period - Off-side.
12:47 of 1st period - Dylan Gambrell wins face-off versus Dillon Dube in neutral zone.
13:00 of 1st period - Snap shot by Hudson Fasching.
13:00 of 1st period - Shot Misses the Net.
13:37 of 1st period - Jeremy Davies is hit by Matt Puempel and loses puck.
14:00 of 1st period - Snap shot by Morgan Frost.
14:00 of 1st period - Stopped by Mackenzie Blackwood without a rebound.
14:01 of 1st period - Morgan Frost wins face-off versus Dillon Dube in Icehogs zone.
14:24 of 1st period - Minor Penalty to Kirill Marchenko for Interference.
14:25 of 1st period - Tyson Jost wins face-off versus Dillon Dube in Thunderbirds zone.
14:31 of 1st period - Icing by Hudson Fasching.
14:32 of 1st period - Dillon Dube wins face-off versus Anthony Beauvillier in Icehogs zone.
14:47 of 1st period - Wrist shot by Tyson Jost.
14:47 of 1st period - Goal by Tyson Jost - Icehogs : 1 - Thunderbirds : 1.
14:48 of 1st period - Dillon Dube wins face-off versus Tyson Jost in neutral zone.
14:51 of 1st period - Slapshot by Mike Reilly.
14:51 of 1st period - Shot Blocked by Jake Walman.
14:53 of 1st period - Slapshot by Mike Reilly.
14:53 of 1st period - Stopped by Joseph Woll without a rebound.
14:54 of 1st period - Tyson Jost wins face-off versus Dillon Dube in Thunderbirds zone.
15:25 of 1st period - Slapshot by Andrew Poturalski.
15:25 of 1st period - Stopped by Joseph Woll without a rebound.
15:26 of 1st period - Andrew Poturalski wins face-off versus Dominik Kahun in Thunderbirds zone.
15:39 of 1st period - Snap shot by Andrew Poturalski.
15:39 of 1st period - Shot Misses the Net.
15:51 of 1st period - John Draeger is hit by Andrew Poturalski and loses puck.
15:56 of 1st period - Snap shot by J.T. Brown.
15:56 of 1st period - Stopped by Joseph Woll without a rebound.
15:57 of 1st period - Dillon Dube wins face-off versus Tyson Jost in Thunderbirds zone.
16:24 of 1st period - Penalty to Kirill Marchenko is over, Kirill Marchenko is back on ice.
16:34 of 1st period - Wrist shot by Andrei Svechnikov.
16:34 of 1st period - Shot Blocked by Julius Honka.
17:40 of 1st period - Slapshot by J.T. Brown.
17:40 of 1st period - Shot Blocked by Kale Clague.
17:42 of 1st period - Snap shot by Mike Reilly.
17:42 of 1st period - Stopped by Joseph Woll without a rebound.
17:43 of 1st period - Dylan Gambrell wins face-off versus Dillon Dube in Thunderbirds zone.
18:12 of 1st period - Slapshot by Tanner Laczynski.
18:12 of 1st period - Stopped by Mackenzie Blackwood without a rebound.
18:13 of 1st period - Dominik Kahun wins face-off versus Michael Rasmussen in Icehogs zone.
18:14 of 1st period - Snap shot by Drake Batherson.
18:14 of 1st period - Goal by Drake Batherson - Icehogs : 1 - Thunderbirds : 2.
18:15 of 1st period - Dylan Gambrell wins face-off versus Dillon Dube in neutral zone.
18:20 of 1st period - Snap shot by Patrick Brown.
18:20 of 1st period - Deflect By Andrei Svechnikov.
18:20 of 1st period - Shot Misses the Net.
18:20 of 1st period - Puck is out of play.
18:21 of 1st period - Dylan Gambrell wins face-off versus Dillon Dube in Icehogs zone.
18:22 of 1st period - Snap shot by Andrei Svechnikov.
18:22 of 1st period - Shot Blocked by Mikhail Grigorenko.
18:32 of 1st period - Wrist shot by Patrick Brown.
18:32 of 1st period - Shot Blocked by Patrick Sieloff.
18:34 of 1st period - Snap shot by Radim Simek.
18:34 of 1st period - Stopped by Mackenzie Blackwood with a rebound.
18:36 of 1st period - Slapshot by Radim Simek.
18:36 of 1st period - Shot Misses the Net.
18:50 of 1st period - Slapshot by Tanner Laczynski.
18:50 of 1st period - Deflect By Tyson Jost.
18:50 of 1st period - Shot Misses the Net.
18:50 of 1st period - Puck is out of play.
18:51 of 1st period - Tyson Jost wins face-off versus Michael Rasmussen in Icehogs zone.
18:54 of 1st period - Wrist shot by Matt Puempel.
18:54 of 1st period - Stopped by Mackenzie Blackwood with a rebound.
18:56 of 1st period - Slapshot by Kale Clague.
18:56 of 1st period - Shot Misses the Net.
19:03 of 1st period - Minor Penalty to Jeremy Davies for Hooking.
19:04 of 1st period - Dominik Kahun wins face-off versus Dillon Dube in Icehogs zone.
19:20 of 1st period - Wrist shot by Drake Batherson.
19:20 of 1st period - Deflect By Andrei Svechnikov.
19:20 of 1st period - Shot Blocked by Mike Reilly.
19:20 of 1st period - Puck is out of play.
19:21 of 1st period - Dominik Kahun wins face-off versus Dillon Dube in Icehogs zone.
19:44 of 1st period - Mike Reilly is hit by Patrick Brown.
19:51 of 1st period - Icing by Dylan Gambrell.
19:52 of 1st period - Dylan Gambrell wins face-off versus Andrew Poturalski in Thunderbirds zone.
Goals for this period are 1 for Icehogs vs 2 for Thunderbirds.
Shots for this period are 10 for Icehogs vs 11 for Thunderbirds.
2nd period
0:01 of 2nd period - Dillon Dube wins face-off versus Dominik Kahun in neutral zone.
0:06 of 2nd period - Snap shot by Drake Batherson.
0:06 of 2nd period - Shot Misses the Net.
0:08 of 2nd period - Slapshot by Kale Clague.
0:08 of 2nd period - Stopped by Mackenzie Blackwood with a rebound.
0:10 of 2nd period - Wrist shot by Dominik Kahun.
0:10 of 2nd period - Deflect By Mikhail Grigorenko.
0:10 of 2nd period - Stopped by Mackenzie Blackwood with a rebound.
0:12 of 2nd period - Backhand shot by Dominik Kahun.
0:12 of 2nd period - Stopped by Mackenzie Blackwood with a rebound.
0:14 of 2nd period - Slapshot by Timothy Liljegren.
0:14 of 2nd period - Shot Blocked by Patrick Sieloff.
0:16 of 2nd period - Snap shot by Timothy Liljegren.
0:16 of 2nd period - Shot Misses the Net.
1:03 of 2nd period - Penalty to Jeremy Davies is over, Jeremy Davies is back on ice.
1:04 of 2nd period - Icing by Dominik Kahun.
1:05 of 2nd period - Dominik Kahun wins face-off versus Michael Rasmussen in Thunderbirds zone.
1:05 of 2nd period - Dominik Kahun is hit by J.T. Brown.
2:00 of 2nd period - Wrist shot by Andrei Svechnikov.
2:00 of 2nd period - Shot Misses the Net.
2:12 of 2nd period - Dillon Dube is hit by Drake Batherson and loses puck.
2:50 of 2nd period - Snap shot by J.T. Brown.
2:50 of 2nd period - Goal by J.T. Brown - Icehogs : 2 - Thunderbirds : 2.
2:51 of 2nd period - Dominik Kahun wins face-off versus Dillon Dube in neutral zone.
2:59 of 2nd period - Snap shot by Radim Simek.
2:59 of 2nd period - Stopped by Mackenzie Blackwood without a rebound.
3:00 of 2nd period - Dominik Kahun wins face-off versus Dillon Dube in Icehogs zone.
3:24 of 2nd period - Snap shot by Drake Batherson.
3:24 of 2nd period - Shot Misses the Net.
3:28 of 2nd period - Slapshot by Drake Batherson.
3:28 of 2nd period - Shot Misses the Net.
3:56 of 2nd period - Wrist shot by Mikhail Grigorenko.
3:56 of 2nd period - Shot Misses the Net.
4:06 of 2nd period - Slapshot by Anthony Beauvillier.
4:06 of 2nd period - Shot Misses the Net.
4:14 of 2nd period - Radim Simek is hit by Julius Honka and loses puck.
4:34 of 2nd period - Wrist shot by Hudson Fasching.
4:34 of 2nd period - Goal by Hudson Fasching - Icehogs : 3 - Thunderbirds : 2.
4:35 of 2nd period - Dylan Gambrell wins face-off versus Michael Rasmussen in neutral zone.
5:27 of 2nd period - Slapshot by Kale Clague.
5:27 of 2nd period - Stopped by Mackenzie Blackwood with a rebound.
5:29 of 2nd period - Snap shot by Morgan Frost.
5:29 of 2nd period - Stopped by Mackenzie Blackwood with a rebound.
6:58 of 2nd period - Kurtis Gabriel is hit by Andrei Svechnikov and loses puck.
7:33 of 2nd period - Wrist shot by Drake Batherson.
7:33 of 2nd period - Shot Misses the Net.
8:01 of 2nd period - Snap shot by Morgan Frost.
8:01 of 2nd period - Shot Misses the Net.
8:17 of 2nd period - Duncan Siemens is hit by Radim Simek and loses puck.
8:32 of 2nd period - Andrew Poturalski is hit by Timothy Liljegren and loses puck.
8:45 of 2nd period - Adam Boqvist is hit by Matt Puempel and loses puck.
8:50 of 2nd period - Snap shot by Tanner Laczynski.
8:50 of 2nd period - Stopped by Mackenzie Blackwood without a rebound.
8:51 of 2nd period - Michael Rasmussen wins face-off versus Dylan Gambrell in Icehogs zone.
9:27 of 2nd period - Slapshot by Drake Batherson.
9:27 of 2nd period - Stopped by Mackenzie Blackwood without a rebound.
9:28 of 2nd period - Dillon Dube wins face-off versus Dominik Kahun in Icehogs zone.
10:00 of 2nd period - Snap shot by Andrei Svechnikov.
10:00 of 2nd period - Shot Misses the Net.
10:02 of 2nd period - Slapshot by Radim Simek.
10:02 of 2nd period - Shot Misses the Net.
10:04 of 2nd period - Wrist shot by Andrei Svechnikov.
10:04 of 2nd period - Shot Misses the Net.
10:13 of 2nd period - Off-side.
10:14 of 2nd period - Tyson Jost wins face-off versus Andrew Poturalski in neutral zone.
10:40 of 2nd period - Snap shot by Drake Batherson.
10:40 of 2nd period - Shot Misses the Net.
10:42 of 2nd period - Snap shot by Drake Batherson.
10:42 of 2nd period - Shot Misses the Net.
11:24 of 2nd period - Slapshot by Patrick Brown.
11:24 of 2nd period - Stopped by Mackenzie Blackwood with a rebound.
11:26 of 2nd period - Wrist shot by Andrei Svechnikov.
11:26 of 2nd period - Shot Misses the Net.
11:28 of 2nd period - Slapshot by Timothy Liljegren.
11:28 of 2nd period - Shot Misses the Net.
11:32 of 2nd period - Snap shot by Andrei Svechnikov.
11:32 of 2nd period - Stopped by Mackenzie Blackwood without a rebound.
11:33 of 2nd period - Dominik Kahun wins face-off versus Andrew Poturalski in Icehogs zone.
11:34 of 2nd period - Slapshot by Drake Batherson.
11:34 of 2nd period - Stopped by Mackenzie Blackwood with a rebound.
12:07 of 2nd period - Snap shot by Myles Bell.
12:07 of 2nd period - Stopped by Joseph Woll without a rebound.
12:08 of 2nd period - Dylan Gambrell wins face-off versus Dillon Dube in Thunderbirds zone.
12:37 of 2nd period - Michael Rasmussen is hit by Anthony Beauvillier and loses puck.
13:16 of 2nd period - J.T. Brown is hit by Patrick Brown and loses puck.
13:23 of 2nd period - Dylan Gambrell is hit by Mike Reilly and loses puck.
13:30 of 2nd period - Snap shot by Myles Bell.
13:30 of 2nd period - Stopped by Joseph Woll without a rebound.
13:31 of 2nd period - Drake Batherson wins face-off versus Hudson Fasching in Thunderbirds zone.
13:44 of 2nd period - Wrist shot by Anthony Beauvillier.
13:44 of 2nd period - Shot Blocked by Jeremy Davies.
13:49 of 2nd period - Icing by Mikhail Grigorenko.
13:50 of 2nd period - Dylan Gambrell wins face-off versus Dillon Dube in Icehogs zone.
14:02 of 2nd period - Patrick Brown is hit by Adam Boqvist and loses puck.
14:13 of 2nd period - Wrist shot by Hudson Fasching.
14:13 of 2nd period - Stopped by Joseph Woll with a rebound.
14:25 of 2nd period - Mikhail Grigorenko is hit by Drake Batherson and loses puck.
15:42 of 2nd period - Wrist shot by Mikhail Grigorenko.
15:42 of 2nd period - Stopped by Joseph Woll with a rebound.
15:44 of 2nd period - Wrist shot by Mikhail Grigorenko.
15:44 of 2nd period - Stopped by Joseph Woll without a rebound.
15:45 of 2nd period - Dominik Kahun wins face-off versus Michael Rasmussen in Thunderbirds zone.
16:24 of 2nd period - Backhand shot by Dominik Kahun.
16:24 of 2nd period - Shot Blocked by Mike Reilly.
16:26 of 2nd period - Slapshot by Timothy Liljegren.
16:26 of 2nd period - Shot Misses the Net.
16:28 of 2nd period - Snap shot by Drake Batherson.
16:28 of 2nd period - Stopped by Mackenzie Blackwood without a rebound.
16:29 of 2nd period - Andrei Svechnikov wins face-off versus Michael Rasmussen in Icehogs zone.
16:38 of 2nd period - Wrist shot by Dylan Gambrell.
16:38 of 2nd period - Deflect By Andrei Svechnikov.
16:38 of 2nd period - Stopped by Mackenzie Blackwood with a rebound.
16:40 of 2nd period - Snap shot by Dylan Gambrell.
16:40 of 2nd period - Stopped by Mackenzie Blackwood with a rebound.
16:42 of 2nd period - Snap shot by Patrick Brown.
16:42 of 2nd period - Stopped by Mackenzie Blackwood without a rebound.
16:43 of 2nd period - Andrew Poturalski wins face-off versus Tyson Jost in Icehogs zone.
16:43 of 2nd period - Andrew Poturalski is hit by Tanner Laczynski.
16:53 of 2nd period - Snap shot by Nick Paul.
16:53 of 2nd period - Stopped by Joseph Woll with a rebound.
16:55 of 2nd period - Snap shot by Kurtis Gabriel.
16:55 of 2nd period - Goal by Kurtis Gabriel - Icehogs : 4 - Thunderbirds : 2.
16:56 of 2nd period - Dominik Kahun wins face-off versus Michael Rasmussen in neutral zone.
17:47 of 2nd period - Dillon Dube is hit by John Draeger and loses puck.
17:52 of 2nd period - Wrist shot by Roberts Lipsbergs.
17:52 of 2nd period - Shot Misses the Net.
17:54 of 2nd period - Slapshot by Jared McIsaac.
17:54 of 2nd period - Shot Blocked by Julius Honka.
18:08 of 2nd period - Tyson Jost is hit by Ross Johnston and loses puck.
18:37 of 2nd period - Wrist shot by Andrei Svechnikov.
18:37 of 2nd period - Shot Blocked by Michael Rasmussen.
19:01 of 2nd period - Wrist shot by Dominik Kahun.
19:01 of 2nd period - Shot Misses the Net.
19:03 of 2nd period - Snap shot by Dominik Kahun.
19:03 of 2nd period - Shot Misses the Net.
19:05 of 2nd period - Slapshot by Radim Simek.
19:05 of 2nd period - Shot Blocked by Andrew Poturalski.
19:14 of 2nd period - Off-side.
19:15 of 2nd period - Dillon Dube wins face-off versus Morgan Frost in neutral zone.
19:20 of 2nd period - Snap shot by Hudson Fasching.
19:20 of 2nd period - Shot Misses the Net.
19:22 of 2nd period - Slapshot by Duncan Siemens.
19:22 of 2nd period - Shot Blocked by John Draeger.
19:24 of 2nd period - Wrist shot by Dillon Dube.
19:24 of 2nd period - Stopped by Joseph Woll with a rebound.
19:26 of 2nd period - Slapshot by Julius Honka.
19:26 of 2nd period - Deflect By Hudson Fasching.
19:26 of 2nd period - Goal by Hudson Fasching - Icehogs : 5 - Thunderbirds : 2.
19:27 of 2nd period - Dominik Kahun wins face-off versus Dillon Dube in neutral zone.
19:38 of 2nd period - Wrist shot by Anthony Beauvillier.
19:38 of 2nd period - Shot Misses the Net.
Goals for this period are 4 for Icehogs vs 0 for Thunderbirds.
Shots for this period are 11 for Icehogs vs 15 for Thunderbirds.
3rd period
0:01 of 3rd period - Dillon Dube wins face-off versus Dominik Kahun in neutral zone.
0:26 of 3rd period - Patrick Brown is hit by J.T. Brown and loses puck.
0:31 of 3rd period - Slapshot by J.T. Brown.
0:31 of 3rd period - Stopped by Joseph Woll with a rebound.
0:49 of 3rd period - Wrist shot by Kurtis Gabriel.
0:49 of 3rd period - Shot Hit the Post.
0:55 of 3rd period - Julius Honka is hit by Matt Puempel and loses puck.
1:06 of 3rd period - Duncan Siemens is hit by Drake Batherson and loses puck.
1:53 of 3rd period - Snap shot by Myles Bell.
1:53 of 3rd period - Shot Misses the Net.
2:37 of 3rd period - Snap shot by Drake Batherson.
2:37 of 3rd period - Shot Hit the Post.
3:13 of 3rd period - Andrew Poturalski is hit by Dylan Gambrell.
3:37 of 3rd period - Mike Reilly is hit by Tanner Laczynski and loses puck.
3:42 of 3rd period - Slapshot by Tanner Laczynski.
3:42 of 3rd period - Shot Blocked by Mike Reilly.
3:56 of 3rd period - Wrist shot by Drake Batherson.
3:56 of 3rd period - Stopped by Mackenzie Blackwood without a rebound.
3:57 of 3rd period - Dillon Dube wins face-off versus Dominik Kahun in Icehogs zone.
4:11 of 3rd period - Wrist shot by Mikhail Grigorenko.
4:11 of 3rd period - Stopped by Joseph Woll without a rebound.
4:12 of 3rd period - Dylan Gambrell wins face-off versus Michael Rasmussen in Thunderbirds zone.
4:17 of 3rd period - Myles Bell is hit by Andrei Svechnikov and loses puck.
4:47 of 3rd period - Snap shot by Anthony Beauvillier.
4:47 of 3rd period - Shot Misses the Net.
4:49 of 3rd period - Wrist shot by Anthony Beauvillier.
4:49 of 3rd period - Stopped by Mackenzie Blackwood without a rebound.
4:50 of 3rd period - Dylan Gambrell wins face-off versus Andrew Poturalski in Icehogs zone.
4:53 of 3rd period - Snap shot by Andrei Svechnikov.
4:53 of 3rd period - Stopped by Mackenzie Blackwood without a rebound.
4:54 of 3rd period - Dylan Gambrell wins face-off versus Andrew Poturalski in Icehogs zone.
5:03 of 3rd period - Snap shot by Patrick Brown.
5:03 of 3rd period - Shot Hit the Post.
5:05 of 3rd period - Snap shot by Andrei Svechnikov.
5:05 of 3rd period - Stopped by Mackenzie Blackwood without a rebound.
5:06 of 3rd period - Dominik Kahun wins face-off versus Dillon Dube in Icehogs zone.
5:31 of 3rd period - Mike Reilly is hit by Andrei Svechnikov and loses puck.
5:40 of 3rd period - Snap shot by Myles Bell.
5:40 of 3rd period - Deflect By J.T. Brown.
5:40 of 3rd period - Shot Blocked by Andrei Svechnikov.
5:40 of 3rd period - Puck is out of play.
5:41 of 3rd period - Dillon Dube wins face-off versus Dominik Kahun in Thunderbirds zone.
5:42 of 3rd period - Snap shot by Hudson Fasching.
5:42 of 3rd period - Deflect By Mikhail Grigorenko.
5:42 of 3rd period - Shot Misses the Net.
5:42 of 3rd period - Puck is out of play.
5:43 of 3rd period - Dominik Kahun wins face-off versus Dillon Dube in Thunderbirds zone.
5:49 of 3rd period - Off-side.
5:50 of 3rd period - Dominik Kahun wins face-off versus Hudson Fasching in neutral zone.
7:06 of 3rd period - Wrist shot by Drake Batherson.
7:06 of 3rd period - Goal by Drake Batherson - Icehogs : 5 - Thunderbirds : 3.
7:07 of 3rd period - Dylan Gambrell wins face-off versus Michael Rasmussen in neutral zone.
7:10 of 3rd period - Snap shot by Dylan Gambrell.
7:10 of 3rd period - Goal by Dylan Gambrell - Icehogs : 5 - Thunderbirds : 4.
7:11 of 3rd period - Michael Rasmussen wins face-off versus Dylan Gambrell in neutral zone.
7:20 of 3rd period - Timothy Liljegren is hit by J.T. Brown.
7:36 of 3rd period - Matt Puempel is hit by Nick Paul and loses puck.
9:05 of 3rd period - Snap shot by Mikhail Grigorenko.
9:05 of 3rd period - Shot Misses the Net.
9:07 of 3rd period - Wrist shot by Mikhail Grigorenko.
9:07 of 3rd period - Stopped by Joseph Woll without a rebound.
9:08 of 3rd period - Dominik Kahun wins face-off versus Dillon Dube in Thunderbirds zone.
9:15 of 3rd period - Slapshot by Jared McIsaac.
9:15 of 3rd period - Shot Blocked by Mikhail Grigorenko.
9:17 of 3rd period - Slapshot by Anthony Beauvillier.
9:17 of 3rd period - Stopped by Mackenzie Blackwood with a rebound.
9:19 of 3rd period - Wrist shot by Anthony Beauvillier.
9:19 of 3rd period - Stopped by Mackenzie Blackwood with a rebound.
9:36 of 3rd period - Mike Reilly is hit by Jared McIsaac and loses puck.
9:41 of 3rd period - Snap shot by Michael Rasmussen.
9:41 of 3rd period - Stopped by Joseph Woll with a rebound.
9:43 of 3rd period - Snap shot by J.T. Brown.
9:43 of 3rd period - Stopped by Joseph Woll with a rebound.
9:45 of 3rd period - Snap shot by J.T. Brown.
9:45 of 3rd period - Stopped by Joseph Woll without a rebound.
9:46 of 3rd period - Dominik Kahun wins face-off versus Andrew Poturalski in Thunderbirds zone.
9:55 of 3rd period - Snap shot by Drake Batherson.
9:55 of 3rd period - Stopped by Mackenzie Blackwood without a rebound.
9:56 of 3rd period - Dominik Kahun wins face-off versus Andrew Poturalski in Icehogs zone.
10:05 of 3rd period - Slapshot by Dominik Kahun.
10:05 of 3rd period - Shot Misses the Net.
10:11 of 3rd period - Snap shot by Dominik Kahun.
10:11 of 3rd period - Shot Misses the Net.
10:23 of 3rd period - Wrist shot by Kurtis Gabriel.
10:23 of 3rd period - Shot Misses the Net.
10:25 of 3rd period - Slapshot by Julius Honka.
10:25 of 3rd period - Shot Blocked by Anthony Beauvillier.
10:27 of 3rd period - Wrist shot by Kurtis Gabriel.
10:27 of 3rd period - Goal by Kurtis Gabriel - Icehogs : 6 - Thunderbirds : 4.
10:28 of 3rd period - Michael Rasmussen wins face-off versus Dylan Gambrell in neutral zone.
10:43 of 3rd period - Patrick Sieloff is hit by Timothy Liljegren and loses puck.
10:56 of 3rd period - Slapshot by Patrick Sieloff.
10:56 of 3rd period - Stopped by Joseph Woll with a rebound.
11:04 of 3rd period - Slapshot by Mikhail Grigorenko.
11:04 of 3rd period - Deflect By Hudson Fasching.
11:04 of 3rd period - Stopped by Joseph Woll without a rebound.
11:05 of 3rd period - Andrew Poturalski wins face-off versus Dylan Gambrell in Thunderbirds zone.
11:24 of 3rd period - Nick Paul is hit by Dylan Gambrell and loses puck.
12:19 of 3rd period - Slapshot by Patrick Sieloff.
12:19 of 3rd period - Stopped by Joseph Woll without a rebound.
12:20 of 3rd period - Morgan Frost wins face-off versus Nikita Scherbak in Thunderbirds zone.
12:45 of 3rd period - Roberts Lipsbergs is hit by Andrew Poturalski and loses puck.
12:52 of 3rd period - Wrist shot by Andrew Poturalski.
12:52 of 3rd period - Stopped by Joseph Woll with a rebound.
12:54 of 3rd period - Slapshot by Mike Reilly.
12:54 of 3rd period - Stopped by Joseph Woll without a rebound.
12:55 of 3rd period - Michael Rasmussen wins face-off versus Dylan Gambrell in Thunderbirds zone.
13:02 of 3rd period - Snap shot by Michael Rasmussen.
13:02 of 3rd period - Stopped by Joseph Woll without a rebound.
13:03 of 3rd period - Dylan Gambrell wins face-off versus Michael Rasmussen in Thunderbirds zone.
13:03 of 3rd period - Dylan Gambrell is hit by Michael Rasmussen.
13:10 of 3rd period - Minor Penalty to Mike Reilly for Hooking.
13:11 of 3rd period - Dominik Kahun wins face-off versus Dillon Dube in Icehogs zone.
14:01 of 3rd period - Slapshot by Duncan Siemens.
14:01 of 3rd period - Stopped by Joseph Woll with a rebound.
15:10 of 3rd period - Penalty to Mike Reilly is over, Mike Reilly is back on ice.
15:25 of 3rd period - Wrist shot by Kurtis Gabriel.
15:25 of 3rd period - Stopped by Joseph Woll without a rebound.
15:26 of 3rd period - Andrew Poturalski wins face-off versus Morgan Frost in Thunderbirds zone.
15:29 of 3rd period - Snap shot by Andrew Poturalski.
15:29 of 3rd period - Stopped by Joseph Woll without a rebound.
15:30 of 3rd period - Kurtis Gabriel wins face-off versus Kirill Marchenko in Thunderbirds zone.
15:39 of 3rd period - Backhand shot by Morgan Frost.
15:39 of 3rd period - Deflect By Roberts Lipsbergs.
15:39 of 3rd period - Shot Misses the Net.
15:39 of 3rd period - Puck is out of play.
15:40 of 3rd period - Tyson Jost wins face-off versus Andrew Poturalski in Icehogs zone.
15:41 of 3rd period - Slapshot by Tanner Laczynski.
15:41 of 3rd period - Stopped by Mackenzie Blackwood with a rebound.
17:36 of 3rd period - Slapshot by Morgan Frost.
17:36 of 3rd period - Stopped by Mackenzie Blackwood without a rebound.
17:37 of 3rd period - Dominik Kahun wins face-off versus J.T. Brown in Icehogs zone.
17:54 of 3rd period - Slapshot by J.T. Brown.
17:54 of 3rd period - Stopped by Joseph Woll without a rebound.
17:55 of 3rd period - Dylan Gambrell wins face-off versus Andrew Poturalski in Thunderbirds zone.
18:00 of 3rd period - Dylan Gambrell is hit by Andrew Poturalski and loses puck.
18:26 of 3rd period - Dillon Dube is hit by Dominik Kahun and loses puck.
18:52 of 3rd period - Minor Penalty to John Draeger for Close Hand On Puck.
18:53 of 3rd period - Dillon Dube wins face-off versus Tyson Jost in Thunderbirds zone.
18:59 of 3rd period - Wrist shot by Anthony Beauvillier.
18:59 of 3rd period - Deflect By Hudson Fasching.
18:59 of 3rd period - Shot Misses the Net.
18:59 of 3rd period - Puck is out of play.
19:00 of 3rd period - Tyson Jost wins face-off versus Dillon Dube in Icehogs zone.
Goals for this period are 1 for Icehogs vs 2 for Thunderbirds.
Shots for this period are 17 for Icehogs vs 11 for Thunderbirds.